 Dungeon Crawl Stone Soup version 0.13.1-22-g086cdba (webtiles) character file.

294 Kae the Ruffian (level 5, 0/40 HPs)
             Began as a Draconian Transmuter on Dec 31, 2013.
             Slain by Grinder (4 damage)
             ... while paralysed by Grinder
             ... on Level 3 of the Dungeon.
             The game lasted 00:03:31 (2744 turns).

Kae the Ruffian (Draconian Transmuter)              Turns: 2744, Time: 00:03:31

HP   0/40        AC  5     Str 13      XL: 5   Next: 27%
MP   7/7         EV  2     Int 13      God:
Gold 122         SH  0     Dex 12      Spells:  3 memorised,  2 levels left

Res.Fire  : . . .   See Invis. : .     - Unarmed
Res.Cold  : + . .   Warding    : .   (armour unavailable)
Life Prot.: . . .   Conserve   : .   (no shield)
Res.Poison: .       Res.Corr.  : .   (helmet restricted)
Res.Elec. : .       Clarity    : .   (no cloak)
Sust.Abil.: . .     Spirit.Shd : .   (no gloves)
Res.Mut.  : .       Stasis     : .   (boots unavailable)
Res.Rott. : .       Flight     : .   (no amulet)
Saprovore : . . .                    (no ring)
                                     m - ring of protection from cold

@: appendage (expiring), paralysed, slightly resistant to hostile enchantments,
unstealthy
A: unfitting armour, talons 3, AC +5
a: End Transformation


You were on level 3 of the Dungeon.
You were hungry.
You had grown temporary talons.
You visited 1 branch of the dungeon, and saw 3 of its levels.

You collected 102 gold pieces.

Inventory:

Missiles
 b - 54 arrows
Comestibles
 a - 3 bread rations
 g - a meat ration
Scrolls
 c - 2 scrolls of identify
 e - a scroll of blinking
 i - a scroll of enchant armour {unknown}
 j - 5 scrolls of remove curse {unknown}
 l - a scroll of teleportation {unknown}
 o - a scroll of curse jewellery {unknown}
 p - 2 scrolls of enchant weapon I {unknown}
Jewellery
 m - a ring of protection from cold (left hand)
Potions
 f - a potion of magic
Books
 d - a book of Changes

   Spells                             Type                      Level
   *Beastly Appendage                 Transmutation                1
   *Sticks to Snakes                  Transmutation                2
   *Spider Form                       Transmutation/Poison         3
   Ice Form                           Ice/Transmutation            4
   Blade Hands                        Transmutation                5


   Skills:
 - Level 1.1 Fighting
 - Level 1.7 Dodging
 * Level 5.2 Unarmed Combat
 - Level 2.0 Spellcasting
 + Level 3.4 Transmutations


You had 2 spell levels left.
You knew the following spells:

 Your Spells              Type           Power        Failure   Level  Hunger
a - Beastly Appendage     Trmt           ##....       10%         1    ##.....
b - Sticks to Snakes      Trmt           ##........   12%         2    ###....
c - Spider Form           Trmt/Pois      #.........   38%         3    ####...


Dungeon Overview and Level Annotations

Branches:
Dungeon (3/27)

Altars:
Trog
Vehumet

Annotations:
D:3 Grinder


Innate Abilities, Weirdness & Mutations

Your plain brown scales are hard (AC +5).*
Your body does not fit into most forms of armour.
Your cold-blooded metabolism reacts poorly to cold.
You have claws for feet.*


Message History

Grinder closely misses you.
You hit Grinder. You tail-slap Grinder.
Grinder is moderately wounded.
Your transformation is almost over.
Grinder hits you.
* * * LOW HITPOINT WARNING * * *
You writhe in agony.
* * * LOW HITPOINT WARNING * * *
Unknown command.
Unknown command.
Drink which item? (? for menu, Esc to quit)
You feel your intelligence returning.
It was a potion of restore abilities.
Grinder gestures at you.
You suddenly lose the ability to move!
You are feeling hungry.
Grinder hits you but does no damage. Grinder hits you.
* * * LOW HITPOINT WARNING * * *
You writhe in agony.
You die...

#. #.).........#
#.######....######.#
#.#...((....# #.#
#.####.#.####...## #.#
........#.## #...# #.#
..# ##)..# #...# #.# ..
..# ##.###.##.#.# #.# ..
..# #.## #.(...# #.# ..
#.# #.# #.@...# #.# ..
#.# #.## #5....# #.#
#.###.####.###.##.......#
#.#
...##.#.............###.#
#.###
#.##.#.#########.#.# #.#
#...# #......# #.#.. ..#
###.# ##.###### #.#####.#
#.# (<.# #.#####.# #.#
.### ######.##(...# #.#


You could see Grinder.

Vanquished Creatures
  2 orc wizards (D:3)
  A worker ant (D:3)
  Jessica (D:2)
  A giant mite (D:2)
  An adder (D:3)
  5 orcs (D:3)
  5 bats
  2 giant cockroaches
  6 hobgoblins
  11 jackals
  A kobold (D:3)
  2 giant newts
  9 goblins
  5 rats
  A plant (D:1)
53 creatures vanquished.

Notes
Turn   | Place    | Note
--------------------------------------------------------------
     0 | D:1      | Kae, the Draconian Transmuter, began the quest for the Orb.
     0 | D:1      | Reached XP level 1. HP: 16/16 MP: 1/1
   342 | D:1      | Reached XP level 2. HP: 21/23 MP: 3/3
   983 | D:2      | Reached XP level 3. HP: 28/28 MP: 4/4
  1000 | D:2      | Reached skill level 4 in Unarmed Combat
  1096 | D:2      | Found a bloodstained altar of Trog.
  1126 | D:2      | Noticed Jessica
  1133 | D:2      | Killed Jessica
  1522 | D:3      | HP: 1/28 [worker ant (3)]
  1529 | D:3      | Reached XP level 4. HP: 2/35 MP: 4/6
  1959 | D:3      | Noticed Grinder
  2200 | D:3      | Learned a level 2 spell: Sticks to Snakes
  2205 | D:3      | Learned a level 3 spell: Spider Form
  2275 | D:3      | Reached skill level 5 in Unarmed Combat
  2573 | D:3      | Found a radiant altar of Vehumet.
  2581 | D:3      | Reached XP level 5. HP: 40/40 MP: 7/7
  2742 | D:3      | Paralysed by Grinder for 5 turns
  2744 | D:3      | Slain by Grinder

Action                   |  1- 3 |  4- 6 || total
-------------------------+-------+-------++-------
Melee: Unarmed           |   174 |   102 ||   276
 Cast: Beastly Appendage |     1 |     4 ||     5
  Use: Potion            |     1 |     5 ||     6
       Scroll            |       |     1 ||     1
